[Event "Titled Tuesday Blitz March 29 Early 2022"]
[White "Caruana, Fabiano"]
[Black "Rastbod, Ali"]
[WhiteFideId "2020009"]
[BlackFideId "12567477"]
[WhiteElo "2744"]
[BlackElo "2200"]
[Result "1-0"]
[Round "07"]
[TimeControl "180+1"]
[Date "2022.03.29"]
[WhiteClock "0:00:13"]
[BlackClock "0:00:06"]

1. c4 g6 2. g3 Bg7 3. Bg2 d6 4. Nc3 Nc6 5. e3 e5 6. Nge2 Nge7 7. O-O O-O 8. d4 exd4 9. exd4 Bg4 10. h3 Bd7 11. b3 Nf5 12. d5 Ncd4 13. Nxd4 Nxd4 14. Be3 Nf5 15. Bd2 Re8 16. Rc1 h6 17. Re1 Kh7 18. Ne4 Re7 19. Bc3 Qh8 20. Bxg7 Qxg7 21. g4 Rae8 22. Qd2 Nh4 23. Bh1 f5 24. Ng3 fxg4 25. Rxe7 Qxe7 26. c5 gxh3 27. cxd6 cxd6 28. Rc7 Qg7 29. Rxb7 Re7 30. Rxa7 Nf5 31. Nxf5 gxf5+ 32. Kh2 Qe5+ 33. f4 Qf6 34. Bf3 Rg7 35. Qf2 Qg6 36. a4 Be8 37. Rxg7+ Qxg7 38. a5 Qc3 39. a6 Qxb3 40. a7 Qa4 41. Qe3 Bf7 42. Kxh3 Kg7 43. Kg3 Kh7 44. Qe7 Kg7 45. Qe3 Qa1 46. Qb6 Qe1+ 47. Kg2 Qd2+ 48. Qf2 Qa5 49. Qd4+ Kh7 50. Qe3 Qa2+ 51. Kg3 Bxd5 52. Bxd5 Qxd5 53. Qa3 Qa8 54. Qa5 Kg7 55. Qc7+ Kg6 56. Qb8 Qe4 57. a8=Q Qe3+ 58. Qf3 Qg1+ 59. Qg2 Qe3+ 60. Kh2+ 1-0


[Site "https://www.chess.com"]

[Event "Titled Tuesday Blitz March 29 Early 2022"]
[White "Chen, Qi b"]
[Black "Posthuma, Joshua"]
[WhiteFideId "8614733"]
[BlackFideId "2096889"]
[WhiteElo "2432"]
[BlackElo "2176"]
[Result "0-1"]
[Round "07"]
[TimeControl "180+1"]
[Date "2022.03.29"]
[WhiteClock "0:00:15"]
[BlackClock "0:00:30"]

1. e4 c5 2. Nf3 Nc6 3. Bb5 e5 4. O-O Bd6 5. d4 Nxd4 6. Bc4 h6 7. Nxd4 cxd4 8. c3 Bc5 9. b4 Bb6 10. Bb2 dxc3 11. Nxc3 Nf6 12. Nb5 O-O 13. Nd6 Qe7 14. a3 Ne8 15. Nf5 Qf6 16. Kh1 d5 17. Bxd5 Bxf5 18. exf5 Rd8 19. Qf3 Nd6 20. g4 Bd4 21. Bxd4 exd4 22. Rad1 b6 23. a4 Rfe8 24. Rd3 Re5 25. Bb3 Ne4 26. Rfd1 Qh4 27. Kg2 h5 0-1


[Site "https://www.chess.com"]

[Event "Titled Tuesday Blitz March 29 Early 2022"]
[White "Coelho, Ramyres Santana"]
[Black "Simonovic, Miroslav"]
[WhiteFideId "2120690"]
[BlackFideId "919152"]
[WhiteElo "1888"]
[BlackElo "2043"]
[Result "0-1"]
[Round "07"]
[TimeControl "180+1"]
[Date "2022.03.30"]
[WhiteClock "0:01:01"]
[BlackClock "0:00:13"]

1. e4 c5 2. Nf3 Nc6 3. d4 cxd4 4. c3 dxc3 5. Nxc3 d6 6. Bc4 e6 7. O-O Be7 8. Qe2 Nf6 9. Rd1 Qa5 10. Bd2 Qh5 11. Nb5 O-O 12. Bf4 e5 13. Bg3 Bg4 14. Nxd6 Nd4 15. Rxd4 exd4 16. Nf5 Bc5 17. Qd3 Bxf3 18. gxf3 Rfd8 19. Kg2 a6 20. a4 Nd7 21. b4 Bxb4 22. Qxd4 Bf8 23. Rd1 g6 24. Qd5 gxf5 25. exf5 Nb6 26. Qxd8 Rxd8 27. Rxd8 Nxc4 28. Rc8 b5 29. axb5 axb5 30. Rb8 Qxf5 31. Bh4 Kg7 32. Bg3 Bd6 33. Ra8 Bxg3 34. hxg3 Qc5 35. Ra2 b4 36. g4 b3 37. Re2 b2 38. Re1 Qb4 39. Rb1 Nd2 40. Rd1 b1=Q 41. Rxb1 Qxb1 42. f4 Qb7+ 43. Kg3 Qf3+ 44. Kh4 Qxf2+ 45. Kh5 Qh2+ 46. Kg5 h6+ 47. Kf5 Qf2 48. Ke5 Qc5# 0-1


[Site "https://www.chess.com"]

[Event "Titled Tuesday Blitz March 29 Early 2022"]
[White "Cramling Bellon, Anna"]
[Black "Wu, Sibo"]
[WhiteFideId "32009232"]
[BlackFideId "8606048"]
[WhiteElo "1905"]
[BlackElo "2336"]
[Result "1-0"]
[Round "07"]
[TimeControl "180+1"]
[Date "2022.03.30"]
[WhiteClock "0:00:03"]
[BlackClock "0:00:01"]

1. d4 d5 2. c4 c6 3. Nf3 Nf6 4. Nc3 a6 5. c5 Nbd7 6. Bf4 Nh5 7. Bg5 g6 8. e3 Bg7 9. Be2 Nhf6 10. O-O O-O 11. Qc2 Re8 12. Rad1 h6 13. Bh4 e5 14. dxe5 Nxe5 15. e4 g5 16. Bg3 Ng6 17. exd5 cxd5 18. Bc4 Be6 19. Nd4 Qc8 20. Nxe6 fxe6 21. Qxg6 dxc4 22. Be5 Rf8 23. Ne4 Qe8 24. Nxf6+ Rxf6 25. Qxe8+ Rxe8 26. Bxf6 Bxf6 27. Rd7 Bxb2 28. Rxb7 c3 29. c6 Rc8 30. c7 Kf7 31. f4 Ke7 32. fxg5 hxg5 33. g4 Kd7 34. Rf7+ Kc6 35. Rb8 Rxc7 36. Rxc7+ Kxc7 37. Rb4 c2 38. Rc4+ Kd6 39. Rxc2 Ke5 40. Rg2 Kf4 41. Kf1 Bd4 42. Ke2 e5 43. Kd3 Bc5 44. Kc4 Bd4 45. Kd5 a5 46. Kc4 Kf3 47. Rc2 Kxg4 48. a4 Kh3 49. Kb5 e4 50. Kxa5 e3 51. Kb5 Be5 52. a5 Bxh2 53. a6 Bb8 54. Kb6 Kg3 55. Kb7 1-0


[Site "https://www.chess.com"]

[Event "Titled Tuesday Blitz March 29 Early 2022"]
[White "De Silva, L M S T"]
[Black "Dreev, Aleksey"]
[WhiteFideId "9953698"]
[BlackFideId "4100107"]
[WhiteElo "1631"]
[BlackElo "2625"]
[Result "0-1"]
[Round "07"]
[TimeControl "180+1"]
[Date "2022.03.29"]
[WhiteClock "0:00:02"]
[BlackClock "0:00:07"]

1. e4 c6 2. d4 d5 3. Nc3 dxe4 4. Nxe4 Bf5 5. Ng3 Bg6 6. h4 h6 7. Nf3 e6 8. h5 Bh7 9. Bd3 Bxd3 10. Qxd3 Nf6 11. Bd2 c5 12. Ne4 Nc6 13. O-O-O cxd4 14. Nxf6+ gxf6 15. Qb5 Qb6 16. Qa4 O-O-O 17. Ne1 Bb4 18. Nd3 Bxd2+ 19. Rxd2 Rhg8 20. f3 Rg5 21. Rhd1 Rxh5 22. b4 a5 23. a3 axb4 24. Nxb4 Ra5 25. Qb3 Rb5 26. c4 Na5 27. Qa4 Rc5 28. Rxd4 Rxd4 29. Rxd4 Rxc4+ 30. Rxc4+ Nxc4 31. Qa8+ Kc7 32. Qe8 Qe3+ 33. Kc2 Nxa3+ 34. Kd1 Qd4+ 35. Ke2 Qxb4 36. Qxf7+ Kb6 37. g4 Qc4+ 38. Kf2 Nb5 39. Kg2 Qc2+ 40. Kg1 Qc5+ 41. Kh2 Qe5+ 42. f4 Qxf4+ 43. Kh1 Qe4+ 44. Kh2 Qe5+ 45. Kh1 Nd6 46. Qd7 Qd5+ 47. Kh2 Ne4 48. Qa4 Qd2+ 49. Kh3 Qe3+ 50. Kh4 Qg5+ 51. Kh3 Nf2+ 52. Kh2 Qh4+ 53. Kg1 Qxg4+ 0-1


[Site "https://www.chess.com"]

[Event "Titled Tuesday Blitz March 29 Early 2022"]
[White "Del Rio De Angelis, Salvador G."]
[Black "Pourkashiyan, Atousa"]
[WhiteFideId "2203138"]
[BlackFideId "12502014"]
[WhiteElo "2491"]
[BlackElo "2247"]
[Result "1-0"]
[Round "07"]
[TimeControl "180+1"]
[Date "2022.03.30"]
[WhiteClock "0:01:16"]
[BlackClock "0:00:04"]

1. d3 d5 2. c4 dxc4 3. Qa4+ c6 4. Qxc4 Nf6 5. g3 e5 6. Bg2 Be6 7. Qc2 Na6 8. a3 Nc5 9. Nd2 a5 10. Ngf3 Qc7 11. O-O Be7 12. Nc4 Bxc4 13. Qxc4 O-O 14. Bg5 Ne6 15. Bxf6 Bxf6 16. Nd2 Nd4 17. Rfe1 a4 18. Rac1 b5 19. Qc5 Rac8 20. e3 Ne6 21. Qb4 Qd7 22. Ne4 Be7 23. Qc3 f5 24. Nd2 Bf6 25. Qa5 Qxd3 26. Bxc6 e4 27. Bxb5 Qd5 28. Qxa4 Rxc1 29. Rxc1 Qxd2 30. Rd1 Qxb2 31. Bc4 Qe5 32. Qd7 Kh8 33. Qxe6 Qxe6 34. Bxe6 g6 35. a4 Ra8 36. Bd7 Ra7 37. Bb5 Kg7 38. Kf1 Bc3 39. Ke2 Kf6 40. Rd8 Ba5 41. h3 h5 42. g4 hxg4 43. hxg4 Kg5 44. Re8 Kxg4 45. Rg8 Kg5 46. Be8 Kf6 47. Rxg6+ Ke5 48. Bb5 Rc7 49. Bc6 Ra7 50. Kd1 Rc7 51. Kc2 Bb4 52. Kb3 Bd6 53. Bb5 Rc1 54. Bc4 Bb8 55. Re6# 1-0


[Site "https://www.chess.com"]

[Event "Titled Tuesday Blitz March 29 Early 2022"]
[White "Derjabin, Ilja"]
[Black "Pakleza, Zbigniew"]
[WhiteFideId "14104768"]
[BlackFideId "1119290"]
[WhiteElo "2341"]
[BlackElo "2467"]
[Result "1-0"]
[Round "07"]
[TimeControl "180+1"]
[Date "2022.03.29"]
[WhiteClock "0:00:04"]
[BlackClock "0:00:10"]

1. d4 d6 2. c4 e5 3. d5 Be7 4. Nc3 f5 5. e4 Nf6 6. exf5 Bxf5 7. Nf3 Na6 8. Bd3 Qd7 9. Bxf5 Qxf5 10. O-O Nc5 11. Nb5 Qd7 12. Ng5 a6 13. Nc3 h6 14. Nf3 b5 15. Qc2 bxc4 16. Qg6+ Kf8 17. h3 Qe8 18. Qc2 Kg8 19. Be3 Nd3 20. Ne2 Qb5 21. Rab1 Nxd5 22. b3 N3b4 23. Qg6 Qe8 24. Qe4 cxb3 25. Rxb3 a5 26. a3 Nxe3 27. fxe3 Na6 28. Nfd4 Bf6 29. Qd5+ Kh7 30. Ne6 a4 31. Rb7 Qc8 32. Ng3 Re8 33. Qe4+ Kh8 34. Nxg7 Bxg7 35. Nh5 Rg8 36. Qg6 Qxb7 37. Rf7 Qxg2+ 38. Qxg2 Bf6 39. Rg7 Rxg7 40. Nxg7 Bxg7 41. Qxa8+ Kh7 42. Qxa6 d5 43. Qxa4 d4 44. Qc2+ Kg8 45. exd4 Kf8 46. dxe5 1-0


[Site "https://www.chess.com"]

[Event "Titled Tuesday Blitz March 29 Early 2022"]
[White "Dushyant Sharma"]
[Black "Obolentseva, Alexandra"]
[WhiteFideId "25065130"]
[BlackFideId "24153648"]
[WhiteElo "2105"]
[BlackElo "2113"]
[Result "1-0"]
[Round "07"]
[TimeControl "180+1"]
[Date "2022.03.30"]
[WhiteClock "0:00:07"]
[BlackClock "0:00:09"]

1. e4 c5 2. Nf3 d6 3. d4 cxd4 4. Nxd4 Nf6 5. Nc3 a6 6. f4 b5 7. a3 Bb7 8. Bd3 e6 9. Nf3 Be7 10. O-O O-O 11. Qe1 Nbd7 12. Bd2 Nc5 13. b4 Nxd3 14. cxd3 Rc8 15. Kh1 Qd7 16. Rc1 Rc7 17. Qg3 Rfc8 18. h3 Ne8 19. Kh2 Rc6 20. Nd4 R6c7 21. Nf3 Kh8 22. f5 Bf6 23. d4 exf5 24. e5 dxe5 25. dxe5 Bxf3 26. Be1 Bh5 27. exf6 Nxf6 28. Bf2 Bg6 29. Bc5 h6 30. Rcd1 Qc6 31. Rd6 Qe8 32. Re1 Ne4 33. Nxe4 fxe4 34. Bd4 Rc4 35. Qf4 R8c6 36. Qxh6+ Bh7 37. Qxg7# 1-0


[Site "https://www.chess.com"]

[Event "Titled Tuesday Blitz March 29 Early 2022"]
[White "Ezat, Mohamed"]
[Black "Barrientos, Sergio E"]
[WhiteFideId "10600906"]
[BlackFideId "4401824"]
[WhiteElo "2386"]
[BlackElo "2397"]
[Result "0-1"]
[Round "07"]
[TimeControl "180+1"]
[Date "2022.03.29"]
[WhiteClock "0:00:03"]
[BlackClock "0:00:21"]

1. d4 Nf6 2. c4 e6 3. Nc3 Bb4 4. e3 O-O 5. a3 Bxc3+ 6. bxc3 b6 7. Bd3 Ba6 8. Ne2 Nc6 9. O-O Na5 10. e4 Ne8 11. Ng3 Bxc4 12. Bxc4 Nxc4 13. f4 f5 14. d5 Nf6 15. dxe6 dxe6 16. Qb3 b5 17. Qxb5 Nd6 18. Qb3 Nfxe4 19. Qxe6+ Kh8 20. Nxe4 Nxe4 21. Be3 Rf6 22. Qc4 Rg6 23. Bd4 Qh4 24. Ra2 c5 25. Be5 Rd8 26. Qf7 Qg4 27. h3 Qh5 28. Qe7 Rg8 29. Rb2 h6 30. Rb7 Kh7 31. Kh2 Qe2 32. Rg1 Ng3 33. c4 Nf1+ 34. Kh1 Ne3 35. Rb2 Qd3 36. Qxa7 Nxc4 37. Rf2 Nd2 38. Qxc5 Ne4 39. Qb6 Nxf2+ 40. Qxf2 Qxa3 41. Qc2 Rf8 42. Rd1 Qg3 43. Rd7 Rg8 44. Rf7 Qe3 45. Rxf5 Rc8 46. Qd1 Rc1 47. Qxc1 Qxc1+ 48. Kh2 Qd2 49. Rg5 hxg5 50. f5 Rf6 51. Bxf6 Qf4+ 52. g3 Qf2+ 53. Kh1 gxf6 54. h4 Qxg3 55. h5 Qf2 0-1


[Site "https://www.chess.com"]

[Event "Titled Tuesday Blitz March 29 Early 2022"]
[White "FGHSMN"]
[Black "Tasev, Dejan"]
[BlackFideId "936618"]
[WhiteElo "2763"]
[BlackElo "2253"]
[Result "1-0"]
[Round "07"]
[TimeControl "180+1"]
[Date "2022.03.29"]
[WhiteClock "0:01:13"]
[BlackClock "0:00:06"]

1. d4 Nf6 2. Nf3 e6 3. e3 b6 4. Bd3 Bb7 5. Nbd2 h6 6. e4 d6 7. c3 Nbd7 8. b3 Be7 9. Bb2 c5 10. Rc1 cxd4 11. cxd4 O-O 12. O-O Rc8 13. Qe2 Rxc1 14. Rxc1 Qb8 15. Ba3 Re8 16. Bb5 Rc8 17. Rxc8+ Qxc8 18. e5 Nd5 19. exd6 Bd8 20. Qc4 a6 21. Bxd7 Qxd7 22. Ne5 Qb5 23. d7 f6 24. Qc8 Bxc8 25. dxc8=Q fxe5 26. Qxd8+ Kh7 27. Qh4 Qe2 28. Qe4+ Qxe4 29. Nxe4 exd4 30. Kf1 a5 31. Bb2 e5 32. Ke2 Kg6 33. g3 Kf5 34. f3 g5 35. g4+ Ke6 36. Kd2 Nb4 37. a3 Nd5 38. Ng3 Nf4 39. Nf5 h5 40. Ng7+ Kd5 41. Nxh5 Ng6 42. Nf6+ Ke6 43. Ne4 Nh4 44. Nxg5+ Kd5 45. Kd3 b5 46. Bc1 a4 47. bxa4 bxa4 48. Bd2 Ng2 49. h3 Nh4 50. Be1 Ng2 51. Bg3 Kd6 52. h4 Kd5 53. h5 1-0


[Site "https://www.chess.com"]

[Event "Titled Tuesday Blitz March 29 Early 2022"]
[White "Fathy, Elameir"]
[Black "Ambartsumova, Karina"]
[WhiteFideId "10600396"]
[BlackFideId "4166299"]
[WhiteElo "2311"]
[BlackElo "2262"]
[Result "0-1"]
[Round "07"]
[TimeControl "180+1"]
[Date "2022.03.30"]
[WhiteClock "0:00:08"]
[BlackClock "0:00:59"]

1. d4 Nf6 2. c4 e6 3. Nf3 d5 4. g3 dxc4 5. Bg2 Nc6 6. Qa4 Bb4+ 7. Bd2 Bd6 8. O-O O-O 9. Qxc4 e5 10. Nc3 exd4 11. Nxd4 Nxd4 12. Qxd4 Bxg3 13. Qxd8 Rxd8 14. hxg3 Rxd2 15. Rfd1 Rd7 16. Rxd7 Bxd7 17. Rd1 Kf8 18. Nd5 Nxd5 19. Bxd5 Be8 20. Bxb7 Rb8 21. Bf3 Rxb2 22. Rd8 Rxa2 23. Bc6 Rxe2 24. Ra8 Re6 25. Bd7 Re7 26. Bc6 f6 27. Kg2 Kf7 28. Bd5+ Kg6 29. Rxa7 h5 30. Ra5 Re5 31. f4 Rxd5 0-1


[Site "https://www.chess.com"]

[Event "Titled Tuesday Blitz March 29 Early 2022"]
[White "Flis, Pawel"]
[Black "Vidruska, Renate"]
[WhiteFideId "1112864"]
[BlackFideId "11601841"]
[WhiteElo "1735"]
[BlackElo "1800"]
[Result "1-0"]
[Round "07"]
[TimeControl "180+1"]
[Date "2022.03.30"]
[WhiteClock "0:02:02"]
[BlackClock "0:01:08"]

1. e4 e5 2. d4 exd4 3. Nf3 Bb4+ 4. c3 dxc3 5. Nxc3 d6 6. Bc4 Nf6 7. O-O Bg4 8. Qb3 Bxc3 9. Bxf7+ Kf8 10. bxc3 Bxf3 11. gxf3 Nc6 12. Qxb7 Ne5 13. Bd5 Rb8 14. Qxa7 Nxf3+ 15. Kh1 Nxd5 16. exd5 g6 17. Bh6+ Kf7 18. Qe3 Ne5 19. f4 Ng4 20. Qe6# 1-0


[Site "https://www.chess.com"]

[Event "Titled Tuesday Blitz March 29 Early 2022"]
[White "Gaehwiler, Gabriel"]
[Black "Reprintsev, Alexander"]
[WhiteFideId "1314530"]
[BlackFideId "14100541"]
[WhiteElo "2692"]
[BlackElo "2544"]
[Result "0-1"]
[Round "07"]
[TimeControl "180+1"]
[Date "2022.03.30"]
[WhiteClock "0:00:11"]
[BlackClock "0:00:13"]

1. Nf3 d5 2. d4 Nc6 3. g3 Bf5 4. Bg2 Nb4 5. Na3 e6 6. c3 Nc6 7. Nc2 h6 8. O-O Nf6 9. Re1 Be7 10. Nd2 O-O 11. e4 dxe4 12. Nxe4 Nxe4 13. Bxe4 Bxe4 14. Rxe4 e5 15. d5 Bf6 16. Bxh6 Ne7 17. Be3 Qxd5 18. Qf3 Rad8 19. Kg2 Ng6 20. h4 Rfe8 21. h5 Nf8 22. h6 gxh6 23. Nb4 Qe6 24. Bxh6 Ng6 25. Rh1 Be7 26. Qh5 Bxb4 27. Rxb4 e4 28. Bg5 Rd5 29. Qh7+ Kf8 30. Qh6+ Kg8 31. Rxb7 e3 32. Qh7+ Kf8 33. Qh6+ Kg8 34. Qh7+ Kf8 35. Bh6+ Ke7 36. Rxc7+ Kd6 37. Qxf7 e2 38. Be3 Ne5 39. Qxe6+ Rxe6 40. Rxa7 Nc6 41. Ra6 Rxe3 42. fxe3 Rd1 43. Rh6+ Kd7 44. Rh7+ Kd6 45. Rh6+ Kd5 46. Rh5+ Ke4 47. Rxc6 e1=Q 48. Re6+ Kd3 49. Rd6+ Kc2 50. Rxd1 Qe2+ 51. Kh3 Qxh5+ 52. Kg2 Qxd1 53. Kf2 Qd2+ 54. Kf3 Kd3 55. Kf4 Qxe3+ 56. Kf5 Qxg3 0-1


[Site "https://www.chess.com"]

[Event "Titled Tuesday Blitz March 29 Early 2022"]
[White "Gareyev, Timur"]
[Black "Bortnyk, Olexandr"]
[WhiteFideId "14200937"]
[BlackFideId "14120828"]
[WhiteElo "2582"]
[BlackElo "2723"]
[Result "1-0"]
[Round "07"]
[TimeControl "180+1"]
[Date "2022.03.29"]
[WhiteClock "0:00:14"]
[BlackClock "0:00:01"]

1. d4 d6 2. e4 Nf6 3. Nc3 e5 4. Nf3 Nbd7 5. g4 Nxg4 6. Rg1 Ngf6 7. Be3 c6 8. a4 Qa5 9. Nd2 g6 10. Nc4 Qc7 11. f4 Be7 12. Qf3 O-O 13. O-O-O b5 14. axb5 cxb5 15. Nxb5 Qc6 16. Nbxd6 Bxd6 17. fxe5 Qxe4 18. Qxe4 Nxe4 19. Bg2 Bb7 20. Bxe4 Bxe4 21. Nxd6 Bc6 22. d5 Ba4 23. b3 Bxb3 24. cxb3 Nxe5 25. Bf4 Nd7 26. Rge1 a5 27. Re7 Nc5 28. Kc2 a4 29. b4 Na6 30. b5 Nc5 31. Be3 Nb3 32. b6 Rad8 33. Ne4 Na5 34. d6 f5 35. Ng5 Nc4 36. Bc5 Rf6 37. d7 Rff8 38. Ne6 1-0


[Site "https://www.chess.com"]

[Event "Titled Tuesday Blitz March 29 Early 2022"]
[White "Gatterer, Florian"]
[Black "Marcziter, Dmitrii"]
[WhiteFideId "811688"]
[BlackFideId "13900765"]
[WhiteElo "2218"]
[BlackElo "2155"]
[Result "0-1"]
[Round "07"]
[TimeControl "180+1"]
[Date "2022.03.30"]
[WhiteClock "0:00:05"]
[BlackClock "0:01:25"]

1. b3 e5 2. Bb2 Bd6 3. e3 Nf6 4. c4 c6 5. Nf3 Qe7 6. Be2 O-O 7. d4 Bb4+ 8. Nfd2 e4 9. O-O d5 10. a3 Bd6 11. Nc3 a6 12. b4 Bf5 13. c5 Bc7 14. a4 Nbd7 15. b5 a5 16. b6 Bb8 17. Kh1 h6 18. Rg1 Bh7 19. Nf1 Ne8 20. f4 exf3 21. gxf3 Qh4 22. Bd3 Bxd3 23. Qxd3 Nef6 24. Qd2 Re8 25. Qg2 g5 26. Ne2 Nh5 27. Neg3 Nxg3+ 28. Nxg3 Bxg3 29. Qxg3 Qxg3 30. hxg3 Rxe3 31. Rgf1 Rae8 32. Rac1 Nf6 33. Bc3 Re2 34. Bxa5 Nh5 35. Rg1 Rf2 36. Bb4 Ree2 37. Rgd1 Nxg3+ 0-1


[Site "https://www.chess.com"]

[Event "Titled Tuesday Blitz March 29 Early 2022"]
[White "Golubev, Mikhail"]
[Black "Melikhov, Evgeny V."]
[WhiteFideId "14100983"]
[BlackFideId "4122046"]
[WhiteElo "2374"]
[BlackElo "1945"]
[Result "1/2-1/2"]
[Round "07"]
[TimeControl "180+1"]
[Date "2022.03.30"]
[WhiteClock "0:00:01"]
[BlackClock "0:00:10"]

1. d4 Nf6 2. c4 e6 3. Nc3 Bb4 4. a3 Bxc3+ 5. bxc3 d5 6. Nf3 c6 7. Bg5 Nbd7 8. Nd2 Qa5 9. Qc2 dxc4 10. Bxf6 Nxf6 11. Nxc4 Qc7 12. e4 O-O 13. e5 Ne8 14. Bd3 h6 15. O-O b6 16. f4 Ba6 17. f5 Bxc4 18. Bxc4 exf5 19. Rxf5 b5 20. Ba2 c5 21. Raf1 c4 22. Bb1 g6 23. R5f3 Ng7 24. Rf6 Rae8 25. g4 Re6 26. Rxe6 Nxe6 27. h4 Qe7 28. h5 Qg5 29. hxg6 Qxg4+ 30. Qg2 Qxg2+ 31. Kxg2 fxg6 32. Rxf8+ Nxf8 33. d5 Kf7 34. Kf3 h5 35. Kf4 h4 36. Kg4 g5 37. Bf5 Ng6 38. e6+ Kf6 39. d6 Ne5+ 40. Kh3 a5 41. e7 Kf7 42. Be6+ Ke8 43. Bf5 Kf7 44. Be4 Ke8 45. Bd5 Kd7 46. Be6+ Ke8 47. Bf5 Kf7 1/2-1/2


[Site "https://www.chess.com"]

[Event "Titled Tuesday Blitz March 29 Early 2022"]
[White "Gracia Alvarez, Gerardo Antonio"]
[Black "Einarsson, Halldor Gretar"]
[WhiteFideId "5109124"]
[BlackFideId "2300150"]
[WhiteElo "2139"]
[BlackElo "2114"]
[Result "1-0"]
[Round "07"]
[TimeControl "180+1"]
[Date "2022.03.30"]
[WhiteClock "0:00:23"]
[BlackClock "0:00:04"]

1. e4 e5 2. Bc4 Nc6 3. Nc3 Nf6 4. d3 Bc5 5. f4 exf4 6. Bxf4 Na5 7. Bb3 Nxb3 8. axb3 Bb4 9. Nf3 d5 10. e5 d4 11. exf6 dxc3 12. O-O Qxf6 13. Ra4 Qxf4 14. bxc3 Qe3+ 15. Kh1 Be7 16. Re1 Qc5 17. Rc4 Qb6 18. Nd4 Be6 19. Nxe6 fxe6 20. Rce4 O-O 21. Rxe6 Qf2 22. Rxe7 Qf4 23. Qe2 a5 24. h3 a4 25. Qe6+ Kh8 26. Qd7 Qg3 27. bxa4 Rad8 28. Qxd8 Qxe1+ 29. Rxe1 Rxd8 30. Re7 Rc8 31. g4 Kg8 32. Kg2 Kf8 33. Rd7 b6 34. Kf3 1-0


[Site "https://www.chess.com"]

[Event "Titled Tuesday Blitz March 29 Early 2022"]
[White "Grebeniuk, Semen"]
[Black "Papp, Petra"]
[WhiteFideId "14117509"]
[BlackFideId "739049"]
[WhiteElo "2234"]
[BlackElo "2259"]
[Result "1/2-1/2"]
[Round "07"]
[TimeControl "180+1"]
[Date "2022.03.30"]
[WhiteClock "0:00:18"]
[BlackClock "0:00:05"]

1. d4 Nf6 2. Nf3 g6 3. Bg5 Bg7 4. c3 O-O 5. Nbd2 d5 6. e3 Nbd7 7. Bd3 c5 8. O-O b6 9. a4 a6 10. b4 Bb7 11. bxc5 bxc5 12. Rb1 Bc6 13. Qe2 Ne4 14. Rfc1 Nxg5 15. Nxg5 e5 16. Nh3 exd4 17. cxd4 c4 18. Bc2 Re8 19. Qg4 Qa5 20. Nf3 Rab8 21. Nf4 Rxb1 22. Rxb1 Nf6 23. Qh4 Bxa4 24. Bxa4 Qxa4 25. h3 c3 26. Ne5 c2 27. Rf1 Rb8 28. Nfd3 Rb1 29. Nc1 Qa3 30. Ned3 Qc3 31. Qf4 h6 32. Qf3 a5 33. Qe2 a4 34. Nc5 a3 35. e4 Nxe4 36. Nxe4 dxe4 37. Qxe4 a2 38. Qa8+ Kh7 39. Qxa2 Bxd4 40. Qxf7+ Bg7 41. Qf4 Qa3 42. h4 h5 43. Qe3 Qxe3 44. fxe3 Bb2 45. Nd3 Rxf1+ 46. Kxf1 c1=Q+ 47. Nxc1 Bxc1 48. Ke2 Bb2 49. Kf3 Kg7 50. g4 hxg4+ 51. Kxg4 Kh6 52. e4 Be5 53. h5 gxh5+ 54. Kh3 Kg5 55. Kg2 Kf4 56. Kh3 Bf6 57. Kg2 Kxe4 58. Kh3 Kf4 59. Kg2 Kg4 60. Kh1 h4 61. Kg1 Kg3 62. Kh1 h3 63. Kg1 h2+ 64. Kh1 Kh3 1/2-1/2


[Site "https://www.chess.com"]

[Event "Titled Tuesday Blitz March 29 Early 2022"]
[White "Gurevich, Dmitry"]
[Black "Derraugh, Geordie"]
[WhiteFideId "2000407"]
[BlackFideId "2603950"]
[WhiteElo "2506"]
[BlackElo "2116"]
[Result "1-0"]
[Round "07"]
[TimeControl "180+1"]
[Date "2022.03.30"]
[WhiteClock "0:01:19"]
[BlackClock "0:01:07"]

1. d4 Nf6 2. c4 e5 3. dxe5 Ng4 4. Bf4 Nc6 5. Nf3 Bb4+ 6. Nc3 Qe7 7. Qd5 Bxc3+ 8. bxc3 Qa3 9. Qd2 Qe7 10. Qd5 Qa3 11. Rc1 f6 12. exf6 Nxf6 13. Qd2 d6 14. Qe3+ Ne7 15. g3 Qxa2 16. Bg2 Qxc4 17. O-O Qe6 18. Qd2 h6 19. Nd4 Qf7 20. c4 Ng6 21. c5 Nxf4 22. Qxf4 d5 23. Nb5 O-O 24. Nxc7 Nh5 25. Qxf7+ 1-0


[Site "https://www.chess.com"]

[Event "Titled Tuesday Blitz March 29 Early 2022"]
[White "Guseva, Marina"]
[Black "Kostiukov, Alexandr"]
[WhiteFideId "4149351"]
[BlackFideId "14108100"]
[WhiteElo "2160"]
[BlackElo "2202"]
[Result "0-1"]
[Round "07"]
[TimeControl "180+1"]
[Date "2022.03.30"]
[WhiteClock "0:00:01"]
[BlackClock "0:00:03"]

1. d4 g6 2. Nf3 Bg7 3. Bf4 d6 4. e3 Nc6 5. h3 e5 6. Bh2 Qe7 7. Be2 Nf6 8. O-O O-O 9. c3 Ne4 10. Nbd2 Nxd2 11. Nxd2 f5 12. b4 f4 13. b5 Na5 14. exf4 exd4 15. cxd4 Bxd4 16. Rc1 Bg7 17. Bf3 Be6 18. Re1 Qd7 19. Rxe6 Qxe6 20. Nc4 Rf5 21. Nxa5 Rxb5 22. Nxb7 d5 23. f5 Qxf5 24. Nc5 c6 25. Bg4 Qf6 26. Ne6 h5 27. Nc7 hxg4 28. Nxb5 Re8 29. Nd6 Rf8 30. Qxg4 Qxf2+ 31. Kh1 Bd4 32. Qe6+ Kh8 0-1


[Site "https://www.chess.com"]

[Event "Titled Tuesday Blitz March 29 Early 2022"]
[White "Dronavalli, Harika"]
[Black "Fromm, Marius"]
[WhiteFideId "5015197"]
[BlackFideId "12993190"]
[WhiteElo "2382"]
[BlackElo "2471"]
[Result "1-0"]
[Round "07"]
[TimeControl "180+1"]
[Date "2022.03.30"]
[WhiteClock "0:01:17"]
[BlackClock "0:00:17"]

1. d4 Nf6 2. c4 e6 3. Nc3 Bb4 4. Bd2 O-O 5. e3 d5 6. Nf3 b6 7. Rc1 Bb7 8. cxd5 exd5 9. Bd3 a6 10. Ne5 Re8 11. O-O Nbd7 12. f4 Bd6 13. Be1 Ne4 14. Nxe4 dxe4 15. Bc4 Bxe5 16. fxe5 Rf8 17. Qh5 Qe8 18. Bh4 c5 19. Qg4 Kh8 20. Qf5 f6 21. e6 Nb8 22. d5 b5 23. Bb3 c4 24. Bc2 g6 25. Bxf6+ Kg8 26. Qg5 a5 27. Bxe4 Na6 28. Bd4 Nc7 29. Qe5 Nxe6 30. dxe6 Bxe4 31. Qg7# 1-0


[Site "https://www.chess.com"]

[Event "Titled Tuesday Blitz March 29 Early 2022"]
[White "Hartikainen, Jarmo"]
[Black "Petrova, Irina"]
[WhiteFideId "503134"]
[BlackFideId "14124122"]
[WhiteElo "2060"]
[BlackElo "1993"]
[Result "0-1"]
[Round "07"]
[TimeControl "180+1"]
[Date "2022.03.30"]
[WhiteClock "0:00:30"]
[BlackClock "0:02:07"]

1. e4 d6 2. d4 Nf6 3. Nc3 e5 4. Nf3 Nbd7 5. h3 Be7 6. dxe5 dxe5 7. Be3 O-O 8. Bc4 c6 9. O-O b5 10. Bd3 Bb7 11. a3 Qc7 12. Qe2 a6 13. b4 c5 14. bxc5 Nxc5 15. Bxc5 Bxc5 16. Nd5 Bxd5 17. exd5 e4 18. Bxe4 Rae8 19. Nd2 Nxe4 20. Nxe4 f5 0-1


[Site "https://www.chess.com"]

[Event "Titled Tuesday Blitz March 29 Early 2022"]
[White "Heinemann, Josefine"]
[Black "Yang, Kaiqi"]
[WhiteFideId "12900460"]
[BlackFideId "8604398"]
[WhiteElo "2300"]
[BlackElo "2373"]
[Result "1-0"]
[Round "07"]
[TimeControl "180+1"]
[Date "2022.03.30"]
[WhiteClock "0:00:10"]
[BlackClock "0:00:01"]

1. Nf3 Nf6 2. g3 g6 3. Bg2 Bg7 4. O-O O-O 5. d4 d6 6. c4 c5 7. Nc3 Nc6 8. d5 Na5 9. Qd3 a6 10. e4 b5 11. cxb5 axb5 12. Nxb5 Ba6 13. a4 c4 14. Qe2 Nd7 15. Rb1 Nc5 16. Nc3 Nab3 17. Bf4 Nd3 18. Be3 Rb8 19. Rfd1 Qa5 20. Qc2 Rfc8 21. Bf1 Rc7 22. h4 Nb4 23. Qe2 Bc8 24. Nd4 Nxd4 25. Bxd4 Bxd4 26. Rxd4 Ba6 27. e5 Qc5 28. Rbd1 Nd3 29. exd6 exd6 30. Re4 Rxb2 31. Rd2 Rcb7 32. Re8+ Kg7 33. Ne4 Qd4 34. h5 Rxd2 35. Qxd2 h6 36. hxg6 fxg6 37. Nxd6 Rd7 38. Qe2 Qf6 39. Ne4 Qf7 40. Re6 c3 41. Nxc3 Nc5 42. Qe5+ Kh7 43. Re8 Bxf1 44. Rh8# 1-0


[Site "https://www.chess.com"]